 Dungeon Crawl Stone Soup version 0.23.1 (webtiles) character file.

Game seed: 13906253877902490490

213 Yunesin the Shield-Bearer (level 5, 0/47 HPs)
             Began as a Hill Orc Fighter on Mar 15, 2019.
             Slain by an orc
             ... wielding a +0 falchion
              (2 damage)
             ... on level 4 of the Dungeon.
             The game lasted 00:06:27 (1959 turns).

Yunesin the Shield-Bearer (Hill Orc Fighter)        Turns: 1959, Time: 00:06:27

Health: 0/47       AC:  8    Str: 19    XL:     5   Next: 90%
Magic:  5/5        EV:  7    Int:  9    God:
Gold:   229        SH:  9    Dex: 10    Spells: 4/4 levels left

rFire    . . .     SeeInvis .   a - +0 war axe
rCold    . . .     Gourm    .   c - +0 shield
rNeg     . . .     Faith    .   b - +0 scale mail
rPois    .         Spirit   .   (no helmet)
rElec    .         Reflect  .   (no cloak)
rCorr    .         Harm     .   n - +0 pair of gloves
MR       .....                  (no boots)
Stlth    ..........             (no amulet)
HPRegen  0.15/turn              (no ring)
MPRegen  0.09/turn              (no ring)

@: slowed, very slow
A: no striking features
a: no special abilities


You were on level 4 of the Dungeon.
You were not hungry.

You visited 1 branch of the dungeon, and saw 4 of its levels.

You collected 229 gold pieces.

Inventory:

Hand Weapons
 a - a +0 war axe (weapon)
 i - a +0 club
Missiles
 j - 4 javelins (quivered)
Armour
 b - a +0 scale mail (worn)
 c - a +0 shield (worn)
 n - a +0 pair of gloves (worn)
Jewellery
 m - an uncursed amulet of regeneration {unknown}
Wands
 v - a wand of paralysis (8)
Scrolls
 g - 2 scrolls of magic mapping {unknown}
 h - 2 scrolls of teleportation {unknown}
 l - 2 scrolls of identify {unknown}
 o - 3 scrolls of amnesia {unknown}
 q - a scroll of immolation {unknown}
 r - a scroll of enchant armour {unknown}
Potions
 d - a potion of might
 e - 4 potions of curing {unknown}
 p - a potion of degeneration {unknown}
 s - a potion of berserk rage {unknown}
 t - a potion of heal wounds {unknown}
 u - a potion of brilliance {unknown}
Comestibles
 f - 7 rations
 k - 5 chunks of flesh


   Skills:
 + Level 4.5 Fighting
 + Level 4.3 Axes
 + Level 4.4 Armour
 + Level 0.8 Dodging
 + Level 4.7 Shields


You had 4 spell levels left.
You didn't know any spells.
Your spell library was empty.

Dungeon Overview and Level Annotations

Branches:
Dungeon (4/15)
 Temple: D:4-7

Altars:
Fedhas


Message History

You completely miss the orc.
Your shield and scale mail prevent you from hitting the orc wizard.
The orc wizard hits you but does no damage.
You block the orc wizard's attack. The orc hits you but does no damage.
The orc wizard hits you but does no damage.
You block the orc wizard's attack.
The orc wizard hits you but does no damage.
The orc barely misses you.
The orc wizard gestures at you while chanting.
The magic dart hits you.
* * * LOW HITPOINT WARNING * * *
You slash the orc wizard!
You kill the orc wizard!
You hit the orc.
You hit the orc wizard but do no damage.
The orc wizard hits you but does no damage.
The orc wizard casts a spell.
The orc wizard blinks!
You block the orc's attack. The orc hits you with a +0 falchion.
You die...

#.# #.##o## #.# . ...... ##
###.## ##. #..#.# .. .... ...
..#.# .# #.#####.# ....# .#
###.......#######..# .#
#.....<...##.)....$# .#
#...........o@##..<######
.###..##........ยง.#.........
......##.###.##...#...######
.........# #.##.......#
.###..#### #.###o.##..#
..##..## #.###...#..#
.......#####.....#.#.>#
..##..................#
.###..>........#.####.#


You could see an orc wizard and an orc.

Vanquished Creatures
  An orc wizard (D:4)
  2 worker ants (D:4)
  4 adders
  An adder skeleton (D:4)
  2 worms
  2 dart slugs
  3 leopard geckos (D:4)
  7 orcs
  8 giant cockroaches
  14 goblins
  7 hobgoblins
  2 jackals (D:3)
  6 bats
  2 frilled lizards
  7 kobolds
  5 rats
73 creatures vanquished.

Vanquished Creatures (others)
  4 toadstools (D:3)
4 creatures vanquished.

Grand Total: 77 creatures vanquished

Notes
Turn   | Place    | Note
-------+----------+-------------------------------------------
     0 | D:1      | Yunesin the Hill Orc Fighter began the quest for the Orb.
     0 | D:1      | Reached XP level 1. HP: 19/19 MP: 1/1
    49 | D:1      | Reached XP level 2. HP: 22/27 MP: 2/2
   224 | D:1      | Reached XP level 3. HP: 24/33 MP: 3/3
   815 | D:2      | Reached XP level 4. HP: 40/40 MP: 4/4
   830 | D:2      | Found a blossoming altar of Fedhas.
  1783 | D:3      | Reached XP level 5. HP: 47/47 MP: 5/5
  1958 | D:4      | HP: 2/47 [orc wizard/magic dart (3)]
  1959 | D:4      | Slain by an orc

Skill      XL: |  1  2  3  4  5 |
---------------+----------------+-----
Fighting       | 4 |  4.5
Axes           | 3 4 |  4.3
Shields        | 4 |  4.7
Armour         | 4 |  4.4
Dodging        | |  0.8

Action                   |  1- 3 |  4- 6 || total
-------------------------+-------+-------++-------
Melee: War axe           |   135 |   146 ||   281
  Eat: Chunk             |       |     4 ||     4
Armor: Scale mail        |    76 |    63 ||   139
Dodge: Dodged            |    53 |    49 ||   102
Block: Shield            |    85 |    87 ||   172
